 Dungeon Crawl Stone Soup version 0.22.0-18-ge075c0d (webtiles) character file.

86 prawnwizard the Slasher (level 4, -1/35 HPs)
             Began as a Demonspawn Fighter on Aug 18, 2018.
             Slain by Sigmund
             ... wielding a +0 scythe
              (4 damage)
             ... on level 3 of the Dungeon.
             The game lasted 00:02:43 (2136 turns).

prawnwizard the Slasher (Demonspawn Fighter)        Turns: 2136, Time: 00:02:44

Health: -1/35      AC:  9    Str: 23    XL:     4   Next: 27%
Magic:  4/4        EV:  9    Int:  9    God:
Gold:   104        SH:  0    Dex: 12    Spells: 3/3 levels left

rFire    . . .     SeeInvis .   a - +0 long sword
rCold    . . .     Gourm    .   (no shield)
rNeg     . . .     Faith    .   b - +0 scale mail
rPois    .         Spirit   .   o - +0 helmet
rElec    .         Reflect  .   (no cloak)
rCorr    .         Harm     .   (no gloves)
MR       .....                  (no boots)
Stlth    ..........             (no amulet)
HPRegen  0.11/turn              (no ring)
MPRegen  0.09/turn              (no ring)

@: mighty
A: molten scales 1
a: no special abilities


You were on level 3 of the Dungeon.
You were not hungry.

You visited 1 branch of the dungeon, and saw 3 of its levels.

You collected 104 gold pieces.

Inventory:

Hand Weapons
 a - a +0 long sword (weapon)
Armour
 b - a +0 scale mail (worn)
 c - a +0 shield
 o - a +0 helmet (worn)
Scrolls
 i - a scroll of magic mapping {unknown}
 j - a scroll of fog {unknown}
 k - a scroll of blinking {unknown}
 l - 3 scrolls of identify {unknown}
 m - 3 scrolls of enchant armour {unknown}
 q - a scroll of teleportation {unknown}
Potions
 e - a potion of flight {unknown}
 h - a potion of curing {unknown}
 n - a potion of cancellation {unknown}
 p - a potion of haste {unknown}
Comestibles
 f - 3 rations


   Skills:
 - Level 3.0 Fighting
 * Level 4.2 Long Blades
 - Level 2.6 Armour
 - Level 2.6 Shields


You had 3 spell levels left.
You didn't know any spells.
Your spell library was empty.

Dungeon Overview and Level Annotations

Branches:
Dungeon (3/15)

Altars:
Gozag

Annotations:
D:3 Sigmund


Innate Abilities, Weirdness & Mutations

You are partially covered in molten scales. (AC +2)


Message History

You bump into the rock wall.
You feel less confused. Sigmund hits you but does no damage.
Sigmund gestures at you while chanting. The magic dart hits you!
You completely miss Sigmund.
Sigmund is heavily wounded.
Sigmund hits you with a scythe!
* * * LOW HITPOINT WARNING * * *
Your scale mail prevents you from hitting Sigmund.
Sigmund is moderately wounded.
Sigmund gestures wildly while chanting.
Sigmund flickers and vanishes!
Deactivating autopickup; reactivate with Ctrl-A.
You closely miss something. Something completely misses you.
You closely miss something. Something hits you.
* * * LOW HITPOINT WARNING * * *
You closely miss something. You barely miss something. Something hits you.
You die...

#.....#...> ..#
........... ..#
..#.###########.#
................#
...##.........#.#######
...##.........#.......#
#..###..#####.#.##.$###
##.)...## ###.#..##
##...## #.@{## #...#
#.### +...+ #.# #...#
#.# #...# #.# #..[# #.#
#...# #.# #...# #.#
#...#


There were no monsters in sight!

Vanquished Creatures
  An adder (D:2)
  2 worms
  2 dart slugs (D:1)
  3 leopard geckos
  An orc (D:3)
  3 giant cockroaches
  13 goblins
  7 hobgoblins
  2 jackals (D:2)
  6 kobolds
  A quokka (D:2)
  8 bats
  3 frilled lizards
  8 rats
60 creatures vanquished.

Vanquished Creatures (others)
  A bat (D:1)
1 creature vanquished.

Grand Total: 61 creatures vanquished

Notes
Turn   | Place    | Note
-------+----------+-------------------------------------------
     0 | D:1      | prawnwizard the Demonspawn Fighter began the quest for the Orb.
     0 | D:1      | Reached XP level 1. HP: 18/18 MP: 1/1
    48 | D:1      | Reached skill level 2 in Long Blades
   252 | D:1      | Gained mutation: You are partially covered in molten scales. (AC +2) [demonic ancestry]
   252 | D:1      | Reached XP level 2. HP: 18/24 MP: 2/2
   498 | D:1      | Reached skill level 3 in Long Blades
   730 | D:1      | Reached XP level 3. HP: 29/29 MP: 3/3
  1510 | D:2      | Reached XP level 4. HP: 32/35 MP: 4/4
  1617 | D:2      | Reached skill level 4 in Long Blades
  1758 | D:2      | Found an opulent altar of Gozag.
  2116 | D:3      | Noticed Sigmund
  2136 | D:3      | Slain by Sigmund

Skill      XL: |  1  2  3  4 |
---------------+-------------+-----
Long Blades    | 2 3 4 |  4.2
Fighting       | |  3.0
Armour         | |  2.6
Shields        | |  2.6

Action                   |  1- 3 |  4- 6 || total
-------------------------+-------+-------++-------
Melee: Long sword        |   134 |    56 ||   190
  Use: Potion            |       |     1 ||     1
  Eat: Chunk             |     2 |     2 ||     4
Armor: Scale mail        |    81 |    23 ||   104
Dodge: Dodged            |    73 |    31 ||   104
       Rpst.: Long sword |    20 |     6 ||    26
